AoeStats
← 17_Neo_

Arabia

508346104Analyzed
3v3 RM · 11d ago on Sep 22, 2026· 97m 55s· 6 players
Game mode
Random Map
Map size
Normal (6 player)
Population
200
Speed
Normal
Resources
Standard
Victory
Conquest
Starting age
Dark Age
Ending age
Imperial Age
RankedLock teamsTeams togetherTeam positionsShared explorationLock speedFull tech treeHidden civsTurbo modeCheats
Victory
Defeat
🇨🇴 Byzantines · Colombia
1373
+13
🇨🇴 Teutons · Colombia
1360
+14
🇨🇴 Hindustanis · Colombia
1340
+15
🇺🇸 Wei · United States
1398
-18
🇺🇸 Maya · United States
1300
-13
🇺🇸 Wu · United States
1236
-11
[LMB] xvedejas
6:44 Loom
8:53 Feudal Age
9:40 Double-Bit Axe
9:47 Horse Collar
17:09 Gold Mining
21:03 Castle Age
19:51 Bloodlines
21:10 Scale Barding Armor
21:16 Forging
21:08 Light Cavalry
22:10 Bow Saw
22:03 Heavy Plow
22:25 Fletching
22:28 Man-at-Arms
25:18 Wheelbarrow
25:24 Chain Barding Armor
25:39 Iron Casting
26:58 Hand Cart
27:00 Husbandry
29:58 Town Watch
30:06 Stone Mining
31:42 Bodkin Arrow
35:32 Gold Shaft Mining
35:31 Town Patrol
40:30 Imperial Age
38:28 Bodkin Arrow
43:00 Blast Furnace
41:37 Heavy Hei Guang Cavalry
44:20 Bracer
44:44 Conscription
45:28 Chemistry
49:28 Thumb Ring
49:25 Padded Archer Armor
50:11 Ming Guang Armor
50:50 Parthian Tactics
50:44 Leather Archer Armor
50:50 Ballistics
50:30 Murder Holes
50:47 Masonry
52:35 Ring Archer Armor
59:01 Heavy Scorpion
60:07 Hussar
73:40 Tuntian
76:23 Elite Skirmisher
78:36 Hoardings
90:28 Treadmill Crane
the fgzb
7:34 Loom
9:49 Feudal Age
9:57 Man-at-Arms
18:58 Wheelbarrow
23:12 Castle Age
21:07 Fletching
21:27 Double-Bit Axe
21:22 Horse Collar
22:06 Padded Archer Armor
24:00 Bodkin Arrow
24:55 Crossbowman
26:39 Ballistics
30:34 Pikeman
37:26 Scale Mail Armor
37:36 Forging
39:50 Squires
40:27 Town Watch
41:46 Chain Mail Armor
42:07 Iron Casting
41:26 Arson
44:57 Bow Saw
44:48 Heavy Plow
44:45 Gold Mining
48:50 Imperial Age
49:36 Bracer
50:38 Chemistry
49:22 Arbalester
53:04 Murder Holes
56:21 Conscription
60:31 Light Cavalry
61:21 Bloodlines
61:18 Scale Barding Armor
63:11 Chain Barding Armor
66:50 Plate Barding Armor
74:20 Husbandry
77:22 Two-Man Saw
77:54 Caravan
82:13 Blast Furnace
86:05 Heavy Hei Guang Cavalry
87:08 Elite Skirmisher
[LMB] Ginger le Grand
0:26 Loom
9:23 Feudal Age
10:01 Double-Bit Axe
14:26 Fletching
23:17 Castle Age
21:25 Horse Collar
21:39 Gold Mining
23:21 Crossbowman
23:57 Bodkin Arrow
24:39 Bow Saw
24:31 Heavy Plow
24:42 Padded Archer Armor
25:50 Leather Archer Armor
28:29 Wheelbarrow
27:40 Town Watch
29:21 Ballistics
30:40 Hand Cart
33:34 Thumb Ring
34:25 Forging
34:15 Scale Mail Armor
33:38 Pikeman
34:20 Squires
34:05 Arson
40:30 Imperial Age
38:03 Town Patrol
40:36 Halberdier
41:35 Chain Mail Armor
41:55 Iron Casting
41:21 Bracer
42:26 Chemistry
42:46 Two-Man Saw
42:13 Conscription
44:20 Crop Rotation
44:00 Arbalester
45:43 Plate Mail Armor
46:13 Blast Furnace
45:45 Ring Archer Armor
58:52 Eagle Warrior
60:51 Fortified Wall
60:27 Elite Eagle Warrior
73:00 Caravan
78:28 Man-at-Arms
79:35 Long Swordsman
80:10 Two-Handed Swordsman
Logan
5:01 Loom
10:49 Feudal Age
25:29 Castle Age
29:25 Forging
29:17 Scale Mail Armor
37:33 Bloodlines
37:24 Husbandry
38:41 Wheelbarrow
39:13 Scale Barding Armor
47:01 Imperial Age
47:35 Chain Barding Armor
47:50 Iron Casting
51:40 Elite Skirmisher
53:12 Ballistics
52:58 Double-Bit Axe
54:33 Fletching
54:43 Padded Archer Armor
56:09 Chemistry
57:49 Leather Archer Armor
57:29 Bodkin Arrow
59:23 Bracer
60:27 Ring Archer Armor
62:56 Hand Cart
67:33 Light Cavalry
69:00 Hussar
73:47 Heavy Camel Rider
75:22 Plate Barding Armor
75:48 Blast Furnace
86:06 Chain Mail Armor
17_Neo_
9:13 Loom
11:26 Feudal Age
13:00 Horse Collar
15:47 Castle Age
13:59 Double-Bit Axe
16:14 Scale Barding Armor
19:59 Chain Barding Armor
25:08 Forging
27:40 Wheelbarrow
27:29 Bow Saw
38:00 Heavy Plow
42:19 Imperial Age
41:25 Iron Casting
41:21 Husbandry
42:38 Elite Cataphract
43:48 Logistica
44:42 Plate Barding Armor
43:47 Pikeman
44:27 Squires
44:30 Scale Mail Armor
45:22 Conscription
44:37 Halberdier
46:46 Chain Mail Armor
47:59 Plate Mail Armor
50:31 Fletching
50:42 Padded Archer Armor
51:19 Hand Cart
51:17 Bodkin Arrow
51:26 Elite Skirmisher
52:12 Thumb Ring
52:37 Bracer
52:54 Leather Archer Armor
54:08 Ballistics
54:51 Chemistry
55:22 Ring Archer Armor
RAGNAROK
8:05 Loom
13:12 Feudal Age
16:39 Loom
21:54 Castle Age
20:48 Double-Bit Axe
20:45 Horse Collar
26:20 Scale Barding Armor
26:49 Bloodlines
32:00 Chain Barding Armor
36:25 Forging
41:10 Iron Casting
46:56 Imperial Age
45:04 Wheelbarrow
47:03 Cavalier
48:39 Plate Barding Armor
49:34 Blast Furnace
52:09 Paladin
59:49 Pikeman
60:29 Squires
60:54 Bow Saw
60:29 Halberdier
72:02 Man-at-Arms
72:48 Gambesons
72:51 Long Swordsman
73:52 Scale Mail Armor
73:41 Two-Handed Swordsman
75:01 Chain Mail Armor
74:43 Champion
76:36 Plate Mail Armor
77:42 Heavy Plow
80:52 Crop Rotation
85:13 Two-Man Saw
Connection lost

Rejoining the realm…

Still unreachable

The connection could not be restored.

Session expired

The server has moved on; the page needs a fresh start.